[Event "January 9 Early 2024"]
[Site "https://www.chess.com"]
[Date "2024.01.11"]
[Round "1"]
[White "Makkar, Rajat"]
[Black "Perez Ponsa, Federico"]
[Result "0-1"]
[Board "305"]
[TimeControl "180+1"]
[WhiteFideId "36016810"]
[BlackFideId "117927"]
[WhiteElo "2472"]
[BlackElo "2882"]
[WhiteTeam "FRA"]
[BlackTeam "ARG"]
[WhiteClock "0:00:04"]
[BlackClock "0:00:02"]

1. d4 Nf6 2. Nf3 d5 3. c4 c6 4. g3 e6 5. Bg2 dxc4 6. O-O b5 7. Ne5 Bb7 8. b3 cxb3 9. Qxb3 Qxd4 10. Bb2 Qb4 11. Qc2 Qc5 12. Qd3 Be7 13. Nd2 O-O 14. Ne4 Qb6 15. Bd4 c5 16. Nxc5 Bxg2 17. Rfc1 Bh3 18. g4 Bxg4 19. Ncd7 Nbxd7 20. Bxb6 Nxe5 21. Qd4 Nc4 22. Bxa7 e5 23. Qc3 Rxa7 24. a4 Na3 25. a5 b4 26. Qxe5 Be6 27. Rc7 Rxc7 28. Qxc7 Nd5 29. Qb7 Bf6 30. Rc1 Nc3 31. a6 Bd5 32. Qxb4 Nxe2+ 33. Kf1 Nxc1 34. Qxa3 Ra8 35. Qxc1 g6 36. Qc5 Be6 37. a7 Kg7 38. Qb6 Bd5 39. Qc5 Bf3 40. Qe3 Bc6 41. Qb6 Bh1 42. Kg1 Bf3 43. Qe3 Bd5 44. Qc5 Be6 45. Qb6 Rc8 46. Qb7 Rc1+ 47. Kg2 Rc5 48. a8=Q Rg5+ 49. Kf1 Bc4+ 50. Ke1 Bc3+ 51. Kd1 Bd3 52. Qg2 Re5 53. Qg1 Rb5 54. Qa2 Bf5 55. f3 Bf6 56. Ke1 Bc3+ 57. Kf2 Bd4+ 58. Kg2 Bxg1 59. Kxg1 Be6 60. Kg2 Bxa2 0-1

[Event "January 9 Early 2024"]
[Site "https://www.chess.com"]
[Date "2024.01.11"]
[Round "1"]
[White "Rustamov, Rustam"]
[Black "Rangel, Daniel"]
[Result "1/2-1/2"]
[Board "306"]
[TimeControl "180+1"]
[WhiteFideId "13440110"]
[BlackFideId "2124475"]
[WhiteElo "2913"]
[BlackElo "2499"]
[WhiteTeam "AZE"]
[BlackTeam "BRA"]
[WhiteClock "0:00:12"]
[BlackClock "0:00:06"]

1. e4 c5 2. Nf3 g6 3. d4 cxd4 4. Nxd4 Bg7 5. c4 Nc6 6. Be3 Nf6 7. Nc3 O-O 8. Be2 Nxd4 9. Bxd4 d6 10. O-O Bd7 11. Qd2 Bc6 12. f3 Nd7 13. Bxg7 Kxg7 14. Qd4+ Kg8 15. Rfd1 Qb6 16. Qxb6 Nxb6 17. Kf2 Rfc8 18. Ke3 a5 19. b3 Nd7 20. Rac1 Nc5 21. f4 b6 22. Bf3 Kf8 23. g4 Rd8 24. h4 e6 25. h5 Ke7 26. hxg6 hxg6 27. Rh1 Rh8 28. Rcd1 Rac8 29. g5 Rcd8 30. Rb1 Rc8 31. Ne2 b5 32. Nd4 Rxh1 33. Bxh1 bxc4 34. bxc4 Bd7 35. Rb6 Rh8 36. Bf3 Rh2 37. e5 dxe5 38. fxe5 Rxa2 39. Rb8 Ra3+ 40. Ke2 Nd3 41. Rb7 Nxe5 42. Nc6+ Kd6 43. Nxe5 Kxe5 44. Rxd7 Rc3 45. Rxf7 Rxc4 46. Kf2 Rc5 47. Kg3 a4 48. Kg4 Ra5 49. Rb7 a3 50. Rb1 a2 51. Ra1 Ra4+ 52. Kg3 Ra3 53. Kg4 Ra4+ 54. Kg3 Kf5 55. Bd1 Ra3+ 56. Kf2 Kxg5 57. Bc2 Kf4 58. Bxg6 e5 59. Ke2 e4 60. Kd2 Rg3 61. Rf1+ Ke5 62. Bh7 Kd4 63. Kc2 Rg2+ 64. Kb3 e3 65. Rd1+ Ke5 66. Bd3 Kf4 67. Rf1+ Rf2 68. Re1 e2 69. Kxa2 Ke3 70. Ba6 Kd2 71. Rxe2+ Rxe2 72. Bxe2 1/2-1/2

[Event "January 9 Early 2024"]
[Site "https://www.chess.com"]
[Date "2024.01.11"]
[Round "1"]
[White "Swicarz, Maciej"]
[Black "Madaminov, Mukhiddin"]
[Result "0-1"]
[Board "307"]
[TimeControl "180+1"]
[WhiteFideId "1113585"]
[BlackFideId "14210703"]
[WhiteElo "2474"]
[BlackElo "2869"]
[WhiteTeam "POL"]
[BlackTeam "UZB"]
[WhiteClock "0:00:04"]
[BlackClock "0:00:23"]

1. e4 e5 2. Nf3 Nc6 3. Bc4 Nf6 4. d3 d5 5. exd5 Nxd5 6. O-O Be7 7. Re1 f6 8. d4 Nb6 9. Bb5 O-O 10. Bxc6 bxc6 11. dxe5 Qxd1 12. Rxd1 Bg4 13. Nbd2 fxe5 14. Re1 Bd6 15. h3 Bf5 16. Ne4 h6 17. b3 Nd5 18. Bb2 Nb4 19. Rac1 Nxa2 20. Rcd1 Rad8 21. c3 Be6 22. b4 Bd5 23. Ra1 a5 24. bxa5 Rb8 25. Nxd6 cxd6 26. Ba3 Rfd8 27. Re3 Rb3 28. Bb4 Nxb4 29. cxb4 Rxb4 30. a6 Kf7 31. a7 Ra8 32. Nd2 g5 33. f3 Ke6 34. Ne4 c5 35. Ng3 Bb3 36. Ra6 c4 37. Ne4 Ra4 38. Nc5+ Kd5 39. Nxa4 Kd4 40. Kf2 d5 41. Nc3 Kc5 42. Ra5+ Kb4 43. Rxd5 Rxa7 44. Rdxe5 Bc2 45. Nd5+ Ka4 46. Nb6+ Kb4 47. Re6 Bd3 48. Nd5+ Kc5 49. Nf6 Ra2+ 50. Kg3 Kd4 51. R6e4+ Bxe4 52. Rxe4+ Kd3 53. Nd5 Rb2 54. Re6 h5 55. Rg6 h4+ 56. Kh2 Kd4 57. Rxg5 Rb5 58. g3 Rxd5 59. Rg4+ Kd3 60. gxh4 c3 61. Rg8 Rc5 62. Rd8+ Ke2 63. Re8+ Kf2 64. Ra8 c2 65. Ra2 Kxf3 66. Rxc2 Rxc2+ 67. Kg1 Kg3 68. Kf1 Kxh4 0-1

[Event "January 9 Early 2024"]
[Site "https://www.chess.com"]
[Date "2024.01.11"]
[Round "1"]
[White "Liu, Casper"]
[Black "Bindrich, Falko"]
[Result "1/2-1/2"]
[Board "308"]
[TimeControl "180+1"]
[WhiteFideId "1454153"]
[BlackFideId "4676670"]
[WhiteElo "2462"]
[BlackElo "2817"]
[WhiteTeam "DEN"]
[BlackTeam "GER"]
[WhiteClock "0:00:06"]
[BlackClock "0:00:15"]

1. Nf3 d5 2. b3 c6 3. Bb2 Bf5 4. e3 e6 5. Be2 h6 6. O-O Nf6 7. c4 Be7 8. Nc3 O-O 9. h3 Nbd7 10. cxd5 exd5 11. Rc1 Re8 12. Nd4 Bg6 13. Re1 Bd6 14. Bf3 Ne5 15. g3 Nd3 16. Ba1 Qd7 17. Bg2 Rad8 18. f4 Be4 19. Nxe4 Nxe4 20. g4 Bf8 21. Qc2 Nxc1 22. Rxc1 c5 23. Nf3 f6 24. d3 Nd6 25. Nh4 Nf7 26. Nf5 g6 27. Nh4 Rxe3 28. Bxf6 Rde8 29. d4 R8e4 30. dxc5 Qe6 31. Ba1 Rg3 32. Qf2 Rd3 33. Bxe4 dxe4 34. f5 gxf5 35. gxf5 Qd5 36. Ng6 Ng5 37. Qb2 Rd1+ 38. Rxd1 Qxd1+ 39. Kh2 Nf3+ 40. Kg3 Qg1+ 41. Kf4 Qg5+ 42. Kxe4 Nd2+ 43. Kd3 Qxf5+ 44. Kxd2 Qxg6 45. Qh8+ Kf7 46. Qd4 Qg2+ 47. Kc3 Qxh3+ 48. Kb4 Qe6 49. Qf4+ Kg8 50. Qg3+ Kh7 51. Qd3+ Kg8 52. Qg3+ Kf7 53. Qf4+ Ke7 54. Qc7+ Ke8 55. Qb8+ Kf7 56. Qxb7+ Be7 57. Qf3+ Ke8 58. Qa8+ Kf7 59. Qxa7 h5 60. Qb8 Qe4+ 61. Kb5 h4 62. Qe5 Qb7+ 63. Kc4 Qa6+ 64. Kd5 Qd3+ 65. Bd4 h3 66. Qg7+ Ke8 67. Qg8+ Bf8 68. Qe6+ Kd8 69. Kc6 Qa6+ 70. Kd5 Qd3 71. Qf6+ Be7 72. Qb6+ Ke8 73. Qc6+ Kf8 74. Qc8+ Kf7 75. Qe6+ Kf8 76. Qc8+ Kf7 77. Qe6+ Ke8 78. Qc8+ Kf7 1/2-1/2

[Event "January 9 Early 2024"]
[Site "https://www.chess.com"]
[Date "2024.01.11"]
[Round "1"]
[White "Aashman Gupta"]
[Black "Ashraf, Artin"]
[Result "0-1"]
[Board "309"]
[TimeControl "180+1"]
[WhiteFideId "45022500"]
[BlackFideId "22514805"]
[WhiteElo "2492"]
[BlackElo "2922"]
[WhiteTeam "IND"]
[BlackTeam "IRI"]
[WhiteClock "0:00:05"]
[BlackClock "0:00:21"]

1. b3 Nf6 2. Bb2 e6 3. e3 c5 4. Nf3 b6 5. c4 Bb7 6. Nc3 Be7 7. Be2 O-O 8. O-O Nc6 9. d4 cxd4 10. Nxd4 Ne5 11. Nf3 Ng6 12. Qd2 a6 13. Rfd1 Qc7 14. Rac1 Rfd8 15. h3 Rac8 16. Qe1 d6 17. Nd4 Ne5 18. f4 Ned7 19. Bf3 Bxf3 20. Nxf3 Qb7 21. e4 Nc5 22. e5 dxe5 23. Nxe5 b5 24. Rxd8+ Rxd8 25. Rd1 Rc8 26. Kh2 h5 27. Qe3 bxc4 28. Nxc4 Ncd7 29. Ba1 Bc5 30. Qg3 Bf8 31. Ne2 Qb8 32. Qf3 g6 33. Ne5 Rc7 34. Nxd7 Nxd7 35. Rxd7 Rxd7 36. Qc3 e5 37. fxe5 Bg7 38. Ng3 Re7 39. Qc5 Rxe5 40. Bxe5 Bxe5 41. Qe3 h4 42. Kg1 Bxg3 43. Kf1 Qc7 44. Ke2 Qc2+ 45. Kf3 Qc6+ 46. Qe4 Qxe4+ 47. Kxe4 Kf8 48. Kd5 Ke7 49. b4 Kd7 50. a4 Be1 51. b5 axb5 52. axb5 Kc7 53. Ke5 Bc3+ 54. Kf4 f6 55. Kg4 g5 56. g3 hxg3 57. Kxg3 Kb6 58. Kg4 Kxb5 59. Kf5 Kc4 60. Ke4 Be5 61. Kf5 Kd5 62. Kg4 Ke4 63. h4 gxh4 64. Kh3 f5 65. Kxh4 f4 66. Kh3 f3 0-1

[Event "January 9 Early 2024"]
[Site "https://www.chess.com"]
[Date "2024.01.11"]
[Round "1"]
[White "Cieslak, Patryk"]
[Black "Jusup, Matej"]
[Result "0-1"]
[Board "310"]
[TimeControl "180+1"]
[WhiteFideId "21078882"]
[BlackFideId "14517876"]
[WhiteElo "2678"]
[BlackElo "2378"]
[WhiteTeam "POL"]
[BlackTeam "CRO"]
[WhiteClock "0:00:05"]
[BlackClock "0:00:16"]

1. e4 c5 2. Nf3 d6 3. d4 cxd4 4. Nxd4 Nf6 5. Nc3 a6 6. Be3 e5 7. Nb3 Be7 8. h3 h5 9. f4 exf4 10. Bxf4 Be6 11. Qe2 Nc6 12. O-O-O Qc7 13. Kb1 Nd7 14. Nd5 Bxd5 15. exd5 Nce5 16. Nd4 O-O-O 17. Qf2 Bf6 18. Nb3 Kb8 19. Be3 Nc4 20. Ba7+ Ka8 21. Bd4 Bxd4 22. Rxd4 Nde5 23. Bxc4 Nxc4 24. Qe2 Ne5 25. Rf1 f6 26. c3 Rde8 27. Re4 Qf7 28. Rd1 h4 29. Ka1 Ng6 30. Re6 Rd8 31. c4 Nf4 32. Qe4 Nxe6 33. dxe6 Qc7 34. Re1 Qc6 35. Qe2 Rc8 36. Nd4 Qxc4 37. Qxc4 Rxc4 38. e7 Rcc8 39. Nf5 Rhe8 40. a3 Rc7 41. Re6 Rd7 42. Ka2 g6 43. Nxh4 Rexe7 44. Rxf6 g5 45. Nf3 Re2 46. Nxg5 d5 47. Nf3 d4 48. Ng1 Rxg2 49. Rf1 d3 50. Rd1 d2 51. Nf3 Rf2 52. Ng1 Rd3 53. Kb1 Rg2 54. Kc2 Rdg3 55. Rf1 Rxg1 56. Rf8+ Ka7 57. Kxd2 R1g2+ 58. Kc1 Rxh3 59. Kb1 Rhh2 60. Ka1 Rxb2 61. a4 Ra2+ 62. Kb1 Rxa4 63. Rf7 Rb4+ 64. Ka1 Rg4 65. Rf1 a5 66. Kb1 a4 67. Ka1 a3 68. Rb1 Ka6 69. Re1 b5 70. Re6+ Ka5 71. Re1 Ka4 72. Rb1 b4 73. Rf1 Rgg2 74. Kb1 Rb2+ 75. Ka1 Ra2+ 76. Kb1 Rhb2+ 77. Kc1 Ra1# 0-1

[Event "January 9 Early 2024"]
[Site "https://www.chess.com"]
[Date "2024.01.11"]
[Round "1"]
[White "Kuzubov, Yuriy"]
[Black "Slade, Theodore"]
[Result "1-0"]
[Board "311"]
[TimeControl "180+1"]
[WhiteFideId "14112906"]
[BlackFideId "426547"]
[WhiteElo "2857"]
[BlackElo "2464"]
[WhiteTeam "UKR"]
[BlackTeam "ENG"]
[WhiteClock "0:00:09"]
[BlackClock "0:00:05"]

1. d4 d5 2. c4 e6 3. Nf3 a6 4. cxd5 exd5 5. Nc3 c6 6. Bf4 Bd6 7. e3 Ne7 8. Qc2 Bxf4 9. exf4 Bf5 10. Bd3 Bxd3 11. Qxd3 O-O 12. h4 Nd7 13. Kf1 Nf6 14. Re1 Nc8 15. Ne5 Nd6 16. f3 Nh5 17. Ne2 f6 18. Nxc6 bxc6 19. g4 Qe8 20. Kf2 Qg6 21. f5 Qh6 22. gxh5 Qxh5 23. Ng3 Qh6 24. Qe3 Qxe3+ 25. Rxe3 Rfe8 26. b3 Rxe3 27. Kxe3 Re8+ 28. Kd3 Kf7 29. Rc1 Rc8 30. h5 Rc7 31. Rh1 h6 32. Rc1 Rc8 33. Ke3 Re8+ 34. Kf4 Rc8 35. Ne2 Nb5 36. a4 Nd6 37. Kg4 Ke7 38. Nf4 Kf7 39. Ne6 Nb7 40. Kf4 Na5 41. Rc3 Rb8 42. Rc5 Nxb3 43. Rxc6 Rb4 44. Rc7+ Ke8 45. Nxg7+ Kd8 46. Ne6+ Ke8 47. Ke3 Rxa4 48. Rh7 Ra3 49. Rxh6 Nc5+ 50. Kf4 Nxe6+ 51. fxe6 Ke7 52. Rh8 Kxe6 53. Ra8 Kf7 54. Ra7+ Kg8 55. h6 a5 56. Kg4 a4 57. f4 Ra1 58. Kf5 a3 59. Kg6 Rg1+ 60. Kxf6 Rg3 61. f5 Rh3 62. Ke5 Rxh6 63. Rxa3 Kf7 64. Ra7+ Kf8 65. Kxd5 Rb6 66. Ke5 Ke8 67. d5 Rb1 68. Ke6 Re1+ 69. Kd6 Kf8 70. Ra8+ Kf7 71. Kc6 Rc1+ 72. Kd7 Rh1 73. d6 Kf6 74. Rf8+ Ke5 75. f6 Ra1 76. Ke7 Kd5 77. d7 Ra7 78. Ke8 Rxd7 79. Kxd7 1-0

[Event "January 9 Early 2024"]
[Site "https://www.chess.com"]
[Date "2024.01.11"]
[Round "1"]
[White "Koshulyan, Egor A."]
[Black "Zhukov, Maksim"]
[Result "1-0"]
[Board "312"]
[TimeControl "180+1"]
[WhiteFideId "24237000"]
[BlackFideId "34181790"]
[WhiteElo "2671"]
[BlackElo "2346"]
[WhiteTeam "RUS"]
[BlackTeam "RUS"]
[WhiteClock "0:00:10"]
[BlackClock "0:00:10"]

1. e4 c5 2. Nf3 e6 3. b3 a6 4. Bb2 b5 5. g3 Bb7 6. d3 Nc6 7. Bg2 Nf6 8. O-O Be7 9. Nbd2 d5 10. e5 Nd7 11. Qe2 Qc7 12. Rfe1 h6 13. h4 O-O 14. Nf1 Rfc8 15. N1h2 Bf8 16. Ng4 Rab8 17. a4 b4 18. Nd2 a5 19. f4 Qb6 20. Kh2 Nd4 21. Qd1 Rc6 22. h5 Rbc8 23. Ne3 R6c7 24. Rc1 Be7 25. Rg1 Ba6 26. Nf3 Bb7 27. Ng4 Bf8 28. Ne3 Be7 29. Kh1 Nf8 30. Ng4 Nf5 31. Qe1 c4 32. Kh2 c3 33. Ba1 Bc5 34. Rf1 Ne3 35. Nxe3 Bxe3 36. Rd1 Bc5 37. d4 Be7 38. g4 Nh7 39. f5 Ng5 40. Qg3 Ba6 41. Rfe1 Ne4 42. Qf4 Bg5 43. Nxg5 hxg5 44. Qf3 f6 45. Qe3 exf5 46. gxf5 Nd2 47. e6 Bb7 48. Qf2 Re8 49. Qg3 Rce7 50. Qg4 Qc7+ 51. Kg1 Bc8 52. Kh1 Bb7 53. Qe2 Ne4 54. Qf2 Qd6 55. Qf3 Ng3+ 56. Kg1 Ne4 57. Re3 Nd2 58. Qe2 Qg3 59. Rxg3 Nf3+ 60. Bxf3 g4 61. Rxg4 Kh8 62. Rg3 Rg8 63. Qg2 g5 64. hxg6 Rgg7 65. Rh3+ Kg8 66. Qh2 Rxg6+ 67. fxg6 Kg7 68. Rh8 Kxg6 69. Qh5+ Kg7 70. Qh6# 1-0

[Event "January 9 Early 2024"]
[Site "https://www.chess.com"]
[Date "2024.01.11"]
[Round "1"]
[White "Vestby-Ellingsen, Mads"]
[Black "Abdulrahman Mohammad, Al Taher"]
[Result "1-0"]
[Board "313"]
[TimeControl "180+1"]
[WhiteFideId "1520857"]
[BlackFideId "9310258"]
[WhiteElo "2608"]
[BlackElo "2254"]
[WhiteTeam "NOR"]
[BlackTeam "UAE"]
[WhiteClock "0:00:02"]
[BlackClock "0:00:02"]

1. e4 c5 2. Nf3 d6 3. d4 cxd4 4. Nxd4 Nf6 5. Nc3 Nc6 6. Nb3 g6 7. f3 Bg7 8. Be3 O-O 9. Qd2 Be6 10. Bh6 d5 11. O-O-O dxe4 12. Bxg7 Qxd2+ 13. Nxd2 Kxg7 14. Ndxe4 Nxe4 15. Nxe4 b6 16. a3 Rac8 17. Bb5 Na5 18. Kb1 Nc4 19. Bd7 Bxd7 20. Rxd7 Ne3 21. Rxe7 a5 22. g4 Nxc2 23. Nd6 Rc6 24. Ne8+ Kg8 25. Rd1 Re6 26. Rxe6 fxe6 27. Kxc2 Rxe8 28. Rd4 e5 29. Rd6 Rf8 30. Rd3 Kf7 31. Rb3 Ke7 32. Kd2 h5 33. gxh5 gxh5 34. Ke3 Rf6 35. Ke4 Rc6 36. Kxe5 Rc5+ 37. Ke4 Rc2 38. h4 Rc4+ 39. Ke5 Rxh4 40. Rxb6 Rh1 41. Rb7+ Ke8 42. f4 h4 43. Ke6 Re1+ 44. Kf6 h3 45. Rh7 Re3 46. f5 Rb3 47. Kg6 Rxb2 48. Rh8+ Ke7 49. f6+ Ke6 50. Re8+ Kd7 51. f7 Rg2+ 52. Kf5 h2 53. Rh8 Rf2+ 54. Kg6 Ke7 55. Re8+ Kd7 56. Re1 Rg2+ 57. Kf6 Rg1 58. f8=Q h1=Q 59. Qe7+ Kc6 60. Re6+ Kd5 61. Qd7+ Kc4 62. Qc7+ Kb3 63. Re3+ 1-0

[Event "January 9 Early 2024"]
[Site "https://www.chess.com"]
[Date "2024.01.11"]
[Round "1"]
[White "Bartel, Mateusz"]
[Black "Perossa, Nicolas"]
[Result "1-0"]
[Board "314"]
[TimeControl "180+1"]
[WhiteFideId "1112635"]
[BlackFideId "2850520"]
[WhiteElo "2825"]
[BlackElo "2448"]
[WhiteTeam "POL"]
[BlackTeam "ITA"]
[WhiteClock "0:00:21"]
[BlackClock "0:00:07"]

1. Nf3 d6 2. e4 Nf6 3. Nc3 Bg4 4. d4 Nc6 5. Be3 e6 6. h3 Bh5 7. d5 exd5 8. exd5 Bxf3 9. Qxf3 Ne5 10. Qe2 Be7 11. f4 Ned7 12. g4 c6 13. Bg2 Nxd5 14. Nxd5 cxd5 15. O-O-O O-O 16. Bxd5 Nf6 17. Bf3 Qa5 18. Kb1 d5 19. Rd3 Bc5 20. Bxc5 Qxc5 21. Rhd1 Rfe8 22. Qg2 Qb4 23. Rd4 Qb6 24. a3 Ne4 25. Rb4 Qc7 26. Rxd5 Nf6 27. Rd1 Rad8 28. Rxd8 Qxd8 29. g5 Nh5 30. Bxh5 Qd6 31. Qxb7 Re1+ 32. Ka2 g6 33. Qb8+ Qxb8 34. Rxb8+ Kg7 35. Bg4 Re4 36. Rb7 Rxf4 37. Rxa7 h5 38. gxh6+ Kxh6 39. Bc8 f5 40. Rb7 Rf3 41. Rb3 Rf2 42. a4 g5 43. Rc3 Re2 44. a5 Re8 45. Bxf5 Re5 46. Bg4 Rxa5+ 47. Kb1 Re5 48. b3 Kg7 49. Kb2 Kf6 50. Rc4 Ke7 51. Kc3 Kd6 52. Kb4 Re3 53. c3 Rg3 54. Rd4+ Ke5 55. Rc4 Kd5 56. Rc5+ Kd6 57. Rxg5 Rg2 58. Rg6+ Ke5 59. Rb6 Rg3 60. Rb5+ Ke4 61. Rc5 Kd3 62. Rc4 Kc2 63. Rd4 Kb2 64. Rc4 Re3 65. Be6 Rxe6 66. Rc5 Rb6+ 67. Kc4 Rxb3 68. Kd4 Rb8 69. h4 Rh8 70. h5 Kb3 71. Rb5+ Ka4 72. c4 Ka3 73. Kc3 Ka4 74. Rd5 Rg8 75. h6 Rg3+ 76. Kd4 Rg4+ 77. Kc5 Kb3 78. Rh5 Rxc4+ 79. Kd6 Rc8 80. h7 Rh8 81. Ke7 Kc4 82. Kf7 Kd4 83. Kg7 Ra8 84. h8=Q Ra7+ 85. Kg6+ Ke4 86. Rh4+ Kf3 87. Qc3+ Kg2 88. Rg4+ Kh1 89. Qh3# 1-0

[Event "January 9 Early 2024"]
[Site "https://www.chess.com"]
[Date "2024.01.11"]
[Round "1"]
[White "Buscar, Michael"]
[Black "Tarhan, Adar"]
[Result "1/2-1/2"]
[Board "315"]
[TimeControl "180+1"]
[WhiteFideId "2603616"]
[BlackFideId "34544712"]
[WhiteElo "2395"]
[BlackElo "2704"]
[WhiteTeam "CAN"]
[BlackTeam "TUR"]
[WhiteClock "0:00:11"]
[BlackClock "0:00:18"]

1. d4 Nf6 2. c4 e6 3. Nc3 Bb4 4. e4 Nxe4 5. Qc2 f5 6. Bd3 Nf6 7. Nf3 O-O 8. O-O b6 9. a3 Bxc3 10. Qxc3 Bb7 11. d5 exd5 12. Bxf5 dxc4 13. Qxc4+ d5 14. Qh4 Nbd7 15. Ng5 h6 16. Ne6 Qe7 17. Nxf8 Rxf8 18. Bd2 Qe5 19. Bxd7 Nxd7 20. Bc3 Qf5 21. Qg3 Rf7 22. Qxc7 Nc5 23. Qb8+ Kh7 24. Bd4 Ne6 25. Qe5 Qg4 26. h3 Qg6 27. f4 Rf5 28. Qe3 Nc5 29. g4 Rf7 30. Bxc5 bxc5 31. Qxc5 Qd3 32. Qc3 Qa6 33. Qd4 Re7 34. Rad1 Re4 35. Qd3 Qb6+ 36. Kg2 d4 37. Rfe1 Qg6 38. f5 Qe8 39. Kf2 Qe5 40. Rxe4 Bxe4 41. Qxd4 Qf4+ 42. Ke1 Qf3 43. Qf2 Qxh3 44. Qf4 Bf3 45. Rd3 Qh1+ 46. Kd2 Qg2+ 47. Kc3 Be4 48. Rg3 Qc2+ 49. Kd4 Bb7 50. b3 Qb2+ 51. Kc4 Qxa3 52. g5 Ba6+ 53. Kc3 Qa1+ 54. Kb4 Qe1+ 55. Ka3 Qa1+ 56. Kb4 Qe1+ 57. Rc3 hxg5 58. Qxg5 Bd3 59. Qg6+ Kg8 60. Qe6+ Qxe6 61. fxe6 Bf5 62. Re3 Kf8 63. Kc5 Ke7 64. Re5 Bxe6 65. b4 Kf6 66. Re3 g5 67. Kc6 a6 68. Kb6 Bc4 69. Rc3 Bb5 70. Rg3 Kf5 71. Rc3 g4 72. Rc8 g3 73. Rf8+ Kg4 74. Rg8+ Kf3 75. Kc5 g2 76. Kd4 Kf2 77. Kc3 g1=Q 78. Rxg1 Kxg1 79. Kb2 Kf2 80. Ka1 Ke3 81. Kb1 Kd2 82. Ka1 Kc3 83. Kb1 Kb3 84. Ka1 Bd3 85. b5 Bxb5 86. Kb1 a5 87. Ka1 a4 88. Kb1 a3 89. Ka1 Kc2 90. Ka2 Kc3 91. Kxa3 1/2-1/2

[Event "January 9 Early 2024"]
[Site "https://www.chess.com"]
[Date "2024.01.11"]
[Round "1"]
[White "Khumalo, Keith"]
[Black "Martin Duque, Jesus"]
[Result "1/2-1/2"]
[Board "316"]
[TimeControl "180+1"]
[WhiteFideId "14319470"]
[BlackFideId "2208954"]
[WhiteElo "2699"]
[BlackElo "2382"]
[WhiteTeam "RSA"]
[BlackTeam "ESP"]
[WhiteClock "0:00:33"]
[BlackClock "0:00:20"]

1. d4 Nf6 2. c4 e6 3. Nf3 b6 4. g3 Bb4+ 5. Bd2 Bxd2+ 6. Qxd2 Ba6 7. Qc2 d5 8. Nbd2 O-O 9. Bg2 Nbd7 10. O-O c5 11. Qa4 Bb7 12. cxd5 Bxd5 13. Rfd1 Qe7 14. e3 Rfc8 15. a3 cxd4 16. Qxd4 Nc5 17. b4 Na4 18. Rac1 a5 19. bxa5 b5 20. Rxc8+ Rxc8 21. Qb4 Qb7 22. h3 Nc3 23. Re1 Na2 24. Qd4 Qa6 25. e4 Ba8 26. Qb6 Qxb6 27. axb6 Rb8 28. e5 Nd5 29. Nd4 Rxb6 30. Ne4 b4 31. axb4 Rxb4 32. Nc2 Rb2 33. Nd4 Nab4 34. Nd6 g5 35. Ra1 Na2 36. Ne4 h6 37. h4 gxh4 38. gxh4 Kg7 39. Bf3 Nf4 40. Nf6 Bxf3 41. Nxf3 Nd3 42. Ne4 Kg6 43. Rd1 Nab4 44. Ra1 Kf5 45. Ng3+ Kg4 46. Nh2+ Kh3 47. Ra3 Rxf2 48. Ngf1 Rg2+ 49. Kh1 Ra2 50. Rb3 Rb2 51. Rc3 Rc2 52. Rb3 Rb2 53. Rc3 Rb1 54. Kg1 Kxh4 55. Nf3+ Kg4 56. Nd2 Rc1 57. Rb3 Kf5 58. Kg2 Kxe5 59. Kf3 Kd6 60. Ke2 Rc5 61. Rxd3+ Nxd3 62. Kxd3 Rd5+ 63. Ke3 f5 64. Nc4+ Ke7 65. Ncd2 Kf6 66. Nf3 e5 67. Ne1 e4 68. Kf2 Ke5 69. Ne3 Ra5 70. Nc4+ Kf4 71. Nxa5 h5 72. Ng2+ Kg4 73. Nc4 h4 74. Nce3+ Kg5 75. Nd5 h3 76. Ngf4 Kg4 77. Kg1 e3 78. Nxe3+ Kxf4 79. Nxf5 Kxf5 80. Kh2 Kg4 81. Kh1 Kh4 82. Kg1 Kg3 83. Kh1 Kg4 84. Kg1 Kg3 85. Kh1 Kf3 86. Kg1 Kf4 87. Kh1 Kf5 88. Kh2 Kg4 89. Kh1 Kh4 90. Kg1 Kh5 91. Kh1 Kg6 92. Kg1 Kf5 93. Kh1 Kg4 94. Kg1 Kg3 1/2-1/2

[Event "January 9 Early 2024"]
[Site "https://www.chess.com"]
[Date "2024.01.11"]
[Round "1"]
[White "Zakhartsov, Vladimir"]
[Black "Kashtanov, Ruslan"]
[Result "0-1"]
[Board "317"]
[TimeControl "180+1"]
[WhiteFideId "4145097"]
[BlackFideId "4124871"]
[WhiteElo "2848"]
[BlackElo "2485"]
[WhiteTeam "RUS"]
[BlackTeam "RUS"]
[WhiteClock "0:00:04"]
[BlackClock "0:00:04"]

1. e4 c5 2. Nf3 a6 3. c4 Nc6 4. d4 cxd4 5. Nxd4 e5 6. Nc2 Nf6 7. Nc3 Bc5 8. Be2 d6 9. O-O Be6 10. Bg5 h6 11. Bh4 g5 12. Bg3 h5 13. h4 Ng4 14. hxg5 h4 15. Bh2 Nxh2 16. Kxh2 Qxg5 17. Nd5 O-O-O 18. Bf3 Rdg8 19. Nde3 Nd4 20. Nxd4 Bxd4 21. Qe2 Qf4+ 22. Kh1 Rg5 23. Rad1 Rh6 24. Nc2 Ba7 25. Ne3 Rf6 26. Nf5 Bxf5 27. exf5 Rfxf5 28. Qe4 Qxe4 29. Bxe4 Rf4 30. f3 Kc7 31. b3 Bd4 32. Kh2 Rg3 33. Bd5 Rg7 34. Rde1 a5 35. Re2 f5 36. a3 b6 37. b4 a4 38. Rd1 Rh7 39. Kh3 Rg7 40. Kh2 Rg3 41. Rdd2 Rg5 42. Rd1 Rg3 43. Rdd2 Rg5 44. Kh1 Rg3 45. Rd3 Rg5 46. Red2 Rg3 47. Rd1 h3 48. gxh3 Rh4 49. R3d2 Rhxh3+ 50. Rh2 Rxh2+ 51. Kxh2 Rg5 52. f4 Rh5+ 53. Kg3 Bb2 54. Rd3 e4 55. Re3 Bd4 56. Re2 Rh6 57. Bf7 Rf6 58. Bh5 d5 59. Rd2 Bb2 60. cxd5 Bxa3 61. Rc2+ Kd6 62. Rc6+ Ke7 63. Rc7+ Kd8 64. Ra7 b5 65. d6 Rxd6 66. Bf7 Bxb4 67. Ra8+ Ke7 68. Bh5 Be1+ 69. Kg2 Bd2 70. Be2 Bxf4 71. Bxb5 Be5 72. Ra7+ Kf6 73. Bxa4 Rd2+ 74. Kf1 Rd3 75. Be8 Kg5 76. Ke2 Kf4 77. Bg6 Re3+ 78. Kf1 Rg3 79. Ke2 Rxg6 0-1

[Event "January 9 Early 2024"]
[Site "https://www.chess.com"]
[Date "2024.01.11"]
[Round "1"]
[White "Hnatyshyn, Anastasiia"]
[Black "Mhango, Banele"]
[Result "1-0"]
[Board "318"]
[TimeControl "180+1"]
[WhiteFideId "14198339"]
[BlackFideId "14327040"]
[WhiteElo "2260"]
[BlackElo "2558"]
[WhiteTeam "UKR"]
[BlackTeam "RSA"]
[WhiteClock "0:00:07"]
[BlackClock "0:00:27"]

1. Nc3 g6 2. e4 Bg7 3. d4 d6 4. f4 Nf6 5. Nf3 O-O 6. e5 dxe5 7. fxe5 Nd5 8. Nxd5 Qxd5 9. c4 Qe4+ 10. Qe2 Bf5 11. Bd2 Nc6 12. Bc3 Qxe2+ 13. Bxe2 Be4 14. O-O Rad8 15. Rad1 f6 16. e6 f5 17. d5 Bxc3 18. bxc3 Bxf3 19. Rxf3 Na5 20. Rff1 b6 21. Kf2 Kg7 22. Ke3 Nb7 23. g4 Nd6 24. gxf5 Nxf5+ 25. Ke4 Rf6 26. Bd3 Rdf8 27. Rb1 Nd6+ 28. Ke5 a5 29. Rxf6 Rxf6 30. Rf1 Rxf1 31. Bxf1 Nb7 32. Be2 Nd6 33. Bd3 h5 34. h4 Kh6 35. Kf4 Nb7 36. Bc2 Nd6 37. Bd3 Ne8 38. Bc2 Nf6 39. Bd1 Nh7 40. Bc2 g5+ 41. hxg5+ Nxg5 42. Bf5 h4 43. Kg4 h3 44. Kg3 Kg7 45. Bxh3 Ne4+ 46. Kf4 Nxc3 47. a3 Nb1 48. Bf5 Nc3 49. Bd3 Kf6 50. Bf1 Na4 51. Bd3 Nc5 52. Bc2 Nb7 53. Bb1 Nd6 54. Bd3 a4 55. Be2 Nb7 56. Bd3 Nc5 57. Bc2 Kg7 58. Ke5 Kh6 59. Kf5 Kh5 60. Kf4 Kh4 61. Bf5 Kh5 62. Bc2 Kh6 63. Bd1 Kg7 64. Bc2 Nb7 65. Ke5 Nd6 66. Kf4 Nxc4 67. Bxa4 Nxa3 68. Bc6 Nc4 69. Ke4 Nd6+ 70. Kd4 Kh6 71. Ke5 Kg5 72. Ba4 b5 73. Bd1 Kh4 74. Kd4 Kg3 75. Kc5 Kf4 76. Kc6 Ke5 77. Bb3 Ne8 78. Kd7 Nf6+ 79. Kxe7 Nxd5+ 80. Bxd5 Kxd5 81. Kd7 b4 82. e7 b3 83. e8=Q b2 84. Qe1 Kc4 85. Qb1 Kb3 86. Kxc7 1-0

[Event "January 9 Early 2024"]
[Site "https://www.chess.com"]
[Date "2024.01.11"]
[Round "1"]
[White "Berezin, Viktor"]
[Black "Liascovich, Lucas"]
[Result "0-1"]
[Board "319"]
[TimeControl "180+1"]
[WhiteFideId "14107872"]
[BlackFideId "108634"]
[WhiteElo "2485"]
[BlackElo "2907"]
[WhiteTeam "UKR"]
[BlackTeam "ARG"]
[WhiteClock "0:00:04"]
[BlackClock "0:00:13"]

1. d4 Nf6 2. Nf3 e6 3. c4 d5 4. g3 dxc4 5. Qa4+ Nc6 6. Bg2 Bb4+ 7. Bd2 Bxd2+ 8. Nbxd2 O-O 9. Qxc4 Qd5 10. O-O Qxc4 11. Nxc4 Rd8 12. Rfd1 Nb4 13. a3 Nbd5 14. Rac1 c6 15. Nfe5 Bd7 16. Nd6 Be8 17. Nxb7 Rdb8 18. Na5 Rxb2 19. e4 Ne7 20. Rb1 Rab8 21. Rxb2 Rxb2 22. Nac4 Rb3 23. Rc1 Kf8 24. h3 g5 25. Nd6 Nd7 26. Nxc6 Nxc6 27. Rxc6 Nb6 28. Rc7 Rxa3 29. d5 e5 30. Bf1 Ra1 31. Kg2 Ra2 32. Nxe8 Kxe8 33. Bb5+ Kf8 34. d6 Rd2 35. d7 Ke7 36. Rxa7 Rb2 37. Bc6 Rc2 38. Bb5 Rb2 39. Bc6 Rc2 40. Bd5 Nxd5 41. exd5 Kd8 42. Ra8+ Kxd7 43. Ra7+ Rc7 44. Ra6 Rc5 45. Rh6 Rxd5 46. Rxh7 Ke6 47. h4 gxh4 48. gxh4 Rd4 49. Kg3 Rb4 50. Rh6+ f6 51. Rh8 Kf5 52. Rg8 Rb3+ 53. Kg2 Rb7 54. Kg3 Rb1 55. Kg2 Rb3 56. Rg7 Rb8 57. Kg3 Ke4 58. h5 Rh8 59. Kg4 f5+ 60. Kg5 Kf3 61. Rf7 f4 62. Kf5 Rxh5+ 63. Kg6 Rh1 64. Kf5 Re1 65. Ra7 Kxf2 66. Ra2+ Kf3 67. Ra3+ Re3 68. Ra2 Re2 69. Ra3+ Kf2 70. Kg4 Kg2 71. Ra8 Rf2 72. Re8 Re2 73. Ra8 Kf1 74. Kf3 Re3+ 75. Kg4 Kf2 76. Ra2+ Re2 77. Ra8 e4 78. Kxf4 e3 79. Ra1 Rb2 80. Rh1 Rb4+ 81. Kf5 e2 82. Rh2+ Kf1 83. Rh1+ Kg2 84. Rc1 Kf2 85. Rc2 Kf1 0-1